[Event "Modransky Cup 2025"]
[Site "Modra"]
[Date "2025.02.22"]
[Round "4.4"]
[White "Iankin, Arseni"]
[Black "Ondreicka, Roman"]
[Result "1-0"]
[Annotator "RC"]
[ECO "B03"]
[WhiteElo "2016"]
[BlackElo "1842"]
[PlyCount "179"]
[EventDate "2025.02.20"]
[EventCountry "SVK"]
[SourceTitle "playchess.com"]
[Source "ChessBase"]
[SourceQuality "1"]
[TimeControl "5400+30"]

1. e4 Nf6 2. e5 Nd5 3. d4 d6 4. c4 Nb6 5. exd6 cxd6 6. Nc3 g6 7. Be3 Bg7 8. Rc1 O-O 9. b3 Nc6 10. d5 Nb8 11. h3 N8d7 12. Nf3 Nf6 13. Be2 Bf5 14. Nd4 Ne4 15. Nxe4 Bxe4 16. O-O Bf5 17. Nxf5 gxf5 18. Qd3 Qd7 19. Rfd1 Rad8 20. Bf3 e5 21. dxe6 fxe6 22. c5 dxc5 23. Qxd7 Rxd7 24. Rxc5 Rxd1+ 25. Bxd1 Nd5 26. Bf3 Nxe3 27. fxe3 b6 28. Rc7 Rf7 29. Rc6 Re7 30. Bh5 Bh6 31. Kf2 Kg7 32. Be2 Kf6 33. Bc4 Ke5 34. Kf3 Bg5 35. b4 Bh6 36. a4 Bg5 37. a5 bxa5 38. bxa5 Kf6 39. a6 Kf7 40. Rc5 Ke8 41. Bb5+ Kd8 42. e4 fxe4+ 43. Kxe4 Bh4 44. Rh5 Be1 45. g4 Bd2 46. g5 Rg7 47. h4 Ke7 48. Bd3 Kf7 49. Ke5 Bc3+ 50. Kd6 Bb4+ 51. Kd7 Kg8+ 52. Kxe6 Be1 53. Kf5 Rd7 54. Ke4 Re7+ 55. Kf3 Rf7+ 56. Kg4 Rd7 57. Be4 Re7 58. Bf5 Rc7 59. Rh6 Rc4+ 60. Kh3 Rc3+ 61. Kg2 Rc7 62. Kf3 Re7 63. Kg4 Rc7 64. Re6 Bf2 65. h5 Bg1 66. Re8+ Kf7 67. Rh8 Rc4+ 68. Kf3 Rc5 69. Ke4 Rc4+ 70. Kf3 Rc5 71. Kf4 Rc4+ 72. Be4 Bh2+ 73. Ke3 Bg1+ 74. Kf3 Rc5 75. Rxh7+ Kg8 76. g6 Rc3+ 77. Kg2 Bd4 78. Bd5+ Kf8 79. Rf7+ Ke8 80. g7 Rc2+ 81. Kh3 Rc3+ 82. Kg4 Bxg7 83. Rxg7 Rc1 84. h6 Rg1+ 85. Kf5 Rf1+ 86. Ke5 Re1+ 87. Kd6 Rf1 88. Rg8+ Rf8 89. Rxf8+ Kxf8 90. Kc7 1-0

[Event "Modransky Cup 2025"]
[Site "Modra"]
[Date "2025.02.22"]
[Round "4.5"]
[White "Kapinaj, Matus"]
[Black "Osvald, David"]
[Result "1-0"]
[Annotator "RC"]
[ECO "B10"]
[WhiteElo "1999"]
[BlackElo "1852"]
[PlyCount "51"]
[EventDate "2025.02.20"]
[EventCountry "SVK"]
[SourceTitle "playchess.com"]
[Source "ChessBase"]
[SourceQuality "1"]
[TimeControl "5400+30"]

1. e4 c6 2. c4 d5 3. exd5 cxd5 4. cxd5 Nf6 5. Nc3 Nxd5 6. Nf3 Nc6 7. Bb5 e6 8. O-O Be7 9. Re1 O-O 10. d4 Bd7 11. Bd3 Bf6 12. Be4 Nxc3 13. bxc3 Na5 14. Qd3 h6 15. Ba3 Re8 16. Bb4 Bc6 17. Bh7+ Kh8 18. Ne5 Bxe5 19. Rxe5 Bd5 20. Bxa5 Qxa5 21. c4 f6 22. Rh5 Bxc4 23. Rxa5 Bxd3 24. Bxd3 Red8 25. Be4 Rxd4 26. Bxb7 1-0

[Event "Modransky Cup 2025"]
[Site "Modra"]
[Date "2025.02.22"]
[Round "4.6"]
[White "Galla, Richard"]
[Black "Nosal, Tobias"]
[Result "0-1"]
[Annotator "RC"]
[ECO "D30"]
[WhiteElo "1960"]
[BlackElo "1807"]
[PlyCount "104"]
[EventDate "2025.02.20"]
[EventCountry "SVK"]
[SourceTitle "playchess.com"]
[Source "ChessBase"]
[SourceQuality "1"]
[TimeControl "5400+30"]

1. d4 e6 2. c4 d5 3. g3 a6 4. Bg2 dxc4 5. Nf3 b5 6. Ne5 c6 7. Nxc6 Qb6 8. Ne5 Bb7 9. Bxb7 Qxb7 10. O-O Nf6 11. b3 cxb3 12. Qxb3 Be7 13. Bd2 O-O 14. Bf4 Rc8 15. Rc1 Rxc1+ 16. Bxc1 Qc8 17. Bf4 Nbd7 18. Nd2 Nxe5 19. Nf3 Nfd7 20. Bd2 Qb7 21. Rc1 Rc8 22. Rxc8+ Qxc8 23. Nxe5 Nb6 24. Nd3 b4 25. Bxb4 Bxb4 26. Qxb4 Nc4 27. Qe7 h6 28. h4 Qf8 29. Qc5 Qd6 30. Kf1 Qb6 31. Qxb6 Nxb6 32. Ke1 Nc4 33. Kd1 Kf8 34. Kc2 Nd6 35. Nc5 a5 36. Kd3 Ke7 37. e4 f6 38. Nb3 Nc4 39. Kc3 Kd6 40. f4 g5 41. hxg5 hxg5 42. Nc1 gxf4 43. gxf4 Ne3 44. Kd3 Ng2 45. Ne2 Ne1+ 46. Kc3 Nf3 47. Ng3 Nh4 48. Nh5 f5 49. e5+ Kc6 50. Ng3 Ng6 51. Ne2 Kd5 52. Kd3 Ne7 0-1

[Event "Modransky Cup 2025"]
[Site "Modra"]
[Date "2025.02.22"]
[Round "4.7"]
[White "Kukla, Tomas"]
[Black "Smetana, Peter"]
[Result "0-1"]
[Annotator "ChessBase"]
[ECO "A57"]
[WhiteElo "1856"]
[BlackElo "1947"]
[PlyCount "116"]
[EventDate "2025.02.20"]
[EventCountry "SVK"]
[SourceTitle "playchess.com"]
[Source "ChessBase"]
[SourceQuality "1"]
[TimeControl "5400+30"]

1. d4 Nf6 2. c4 c5 3. d5 b5 4. cxb5 a6 5. Qb3 axb5 6. Qxb5 Qa5+ 7. Qxa5 Rxa5 8. Nc3 e6 9. e4 Bb7 10. Bd2 Ra8 11. Bc4 Nxe4 12. Nge2 Nd6 13. Bb3 c4 14. Bc2 exd5 15. Nd4 Be7 16. O-O O-O 17. Bf4 Nc8 18. Rfe1 Bf6 19. Be5 Bxe5 20. Rxe5 Nb6 21. Nf5 Nc6 22. Ne7+ Nxe7 23. Rxe7 Rfe8 24. Rae1 Rxe7 25. Rxe7 Kf8 26. Re5 d6 27. Re1 d4 28. Nb5 d3 29. Bd1 d5 30. a4 Bc6 31. Nd4 Bxa4 32. b3 Bd7 33. f4 Ra1 34. Kf2 Ra2+ 35. Kf3 Nc8 36. h3 Rb2 37. g4 c3 38. Ke3 c2 39. Bxc2 dxc2 40. Rc1 Nd6 41. Rxc2 Rxc2 42. Nxc2 Nb5 43. Kd3 Ke7 44. Ne3 Kd6 45. b4 Nc7 46. Nc2 Ne6 47. Ke3 d4+ 48. Nxd4 Nxd4 49. Kxd4 Bc6 50. h4 Bf3 51. g5 g6 52. Ke3 Bc6 53. f5 gxf5 54. Kf4 Ke6 55. h5 Bb7 56. b5 Ba8 57. b6 Bb7 58. h6 Ba8 0-1

[Event "Modransky Cup 2025"]
[Site "Modra"]
[Date "2025.02.22"]
[Round "4.8"]
[White "Petrik, Matus"]
[Black "Rozboril, Alex"]
[Result "1-0"]
[Annotator "NA RC"]
[ECO "A28"]
[WhiteElo "1880"]
[BlackElo "1633"]
[PlyCount "45"]
[EventDate "2025.02.20"]
[EventCountry "SVK"]
[SourceTitle "playchess.com"]
[Source "ChessBase"]
[SourceQuality "1"]
[TimeControl "5400+30"]

1. c4 e5 2. Nc3 Nf6 3. Nf3 Nc6 4. d3 d5 5. cxd5 Nxd5 6. g3 f6 7. Bg2 Be6 8. O-O Qd7 9. Bd2 O-O-O 10. a3 g5 11. b4 Nxc3 12. Bxc3 Bh3 13. Qa4 Bxg2 14. Kxg2 Kb8 15. Rac1 Qd5 16. b5 Ne7 17. e4 Qe6 18. Rfd1 h5 19. Qc4 Qc8 20. Nxe5 fxe5 21. Bxe5 Ng6 22. Bxc7+ Ka8 23. Bxd8 1-0

[Event "Modransky Cup 2025"]
[Site "Modra"]
[Date "2025.02.22"]
[Round "4.9"]
[White "Pisarcik, Richard"]
[Black "Bucor, Mark"]
[Result "0-1"]
[Annotator "NA RC"]
[ECO "B13"]
[WhiteElo "1837"]
[BlackElo "1875"]
[PlyCount "50"]
[EventDate "2025.02.20"]
[EventCountry "SVK"]
[SourceTitle "playchess.com"]
[Source "ChessBase"]
[SourceQuality "1"]
[TimeControl "5400+30"]

1. e4 c6 2. d4 d5 3. exd5 cxd5 4. Bd3 Nf6 5. h3 Nc6 6. c3 e5 7. dxe5 Nxe5 8. Nf3 Nxd3+ 9. Qxd3 Be7 10. O-O O-O 11. Bg5 h6 12. Bh4 Re8 13. Nbd2 Qb6 14. Nb3 Bd7 15. Nfd4 a5 16. a4 Rac8 17. Nb5 Rc4 18. N3d4 Ne4 19. Bxe7 Rxe7 20. b3 Rc8 21. Rae1 Rce8 22. Ne2 Nc5 23. Qb1 Bxb5 24. axb5 Rxe2 25. Rxe2 Rxe2 0-1

[Event "Modransky Cup 2025"]
[Site "Modra"]
[Date "2025.02.22"]
[Round "4.10"]
[White "Oruzinsky, Juraj"]
[Black "Grom, Stanislav"]
[Result "1-0"]
[Annotator "RC"]
[ECO "B00"]
[WhiteElo "2171"]
[BlackElo "1846"]
[PlyCount "27"]
[EventDate "2025.02.20"]
[EventCountry "SVK"]
[SourceTitle "playchess.com"]
[Source "ChessBase"]
[SourceQuality "1"]
[TimeControl "5400+30"]

1. e4 Nc6 2. Nf3 f5 3. exf5 d5 4. Bb5 Bxf5 5. Ne5 Qd6 6. d4 a6 7. Bxc6+ bxc6 8. O-O c5 9. c3 cxd4 10. cxd4 c5 11. Nc3 cxd4 12. Qxd4 e6 13. Qa4+ Ke7 14. Bf4 1-0

[Event "Modransky Cup 2025"]
[Site "Modra"]
[Date "2025.02.22"]
[Round "4.11"]
[White "Hitka, Dominik"]
[Black "Sekera, Timotej"]
[Result "1-0"]
[Annotator "ChessBase"]
[ECO "B23"]
[WhiteElo "2099"]
[BlackElo "1802"]
[PlyCount "71"]
[EventDate "2025.02.20"]
[EventCountry "SVK"]
[SourceTitle "playchess.com"]
[Source "ChessBase"]
[SourceQuality "1"]
[TimeControl "5400+30"]

1. e4 c5 2. Nc3 Nc6 3. Bb5 g6 4. Bxc6 dxc6 5. d3 Bg7 6. Be3 Qd6 7. Nge2 Nf6 8. O-O O-O 9. h3 Rd8 10. Qe1 Qc7 11. d4 c4 12. a3 b5 13. f4 a5 14. Qh4 Bb7 15. f5 b4 16. Na4 Nxe4 17. fxg6 hxg6 18. Qxe4 c5 19. Qf4 Kh7 20. Qxf7 Qc6 21. Qf3 Qxa4 22. Qxb7 Qxc2 23. Rae1 Qxb2 24. Bc1 Qa1 25. dxc5 bxa3 26. Qxe7 a2 27. Qh4+ Kg8 28. Qxc4+ Kh7 29. Bh6 Qxe1 30. Rxe1 a1=Q 31. Rxa1 Bxa1 32. Bf4 a4 33. Qf7+ Bg7 34. Be5 Rg8 35. Nf4 Ra6 36. Ne6 1-0

[Event "Modransky Cup 2025"]
[Site "Modra"]
[Date "2025.02.22"]
[Round "4.12"]
[White "Soldan, Jan"]
[Black "Pongo, Aron"]
[Result "0-1"]
[Annotator "RC"]
[ECO "B95"]
[WhiteElo "1756"]
[BlackElo "2030"]
[PlyCount "43"]
[EventDate "2025.02.20"]
[EventCountry "SVK"]
[SourceTitle "playchess.com"]
[Source "ChessBase"]
[SourceQuality "1"]
[TimeControl "5400+30"]

1. e4 c5 2. Nf3 d6 3. d4 cxd4 4. Nxd4 Nf6 5. Nc3 a6 6. Bg5 e6 7. Be2 Be7 8. Qd3 O-O 9. O-O b5 10. a3 Bb7 11. Bf3 Nbd7 12. Nb3 Ne5 13. Qe2 h6 14. Bd2 d5 15. Rad1 Nxf3+ 16. gxf3 Qc7 17. Bc1 Bd6 18. h3 Bf4 19. Be3 dxe4 20. fxe4 Nxe4 21. Nxe4 Bxe4 22. c3 0-1

[Event "Modransky Cup 2025"]
[Site "Modra"]
[Date "2025.02.22"]
[Round "4.14"]
[White "Kolibik, Jan"]
[Black "Skaraiev, Mykhailo"]
[Result "1/2-1/2"]
[Annotator "RC"]
[ECO "D02"]
[WhiteElo "1683"]
[BlackElo "1980"]
[PlyCount "109"]
[EventDate "2025.02.20"]
[EventCountry "SVK"]
[SourceTitle "playchess.com"]
[Source "ChessBase"]
[SourceQuality "1"]
[TimeControl "5400+30"]

1. Nf3 d5 2. d4 Nf6 3. b3 Bf5 4. e3 e6 5. Bd3 Bxd3 6. Qxd3 c6 7. O-O Nbd7 8. c4 Bd6 9. Ba3 c5 10. Nbd2 O-O 11. Rfc1 Rc8 12. h3 Re8 13. Bb2 cxd4 14. exd4 e5 15. dxe5 Nxe5 16. Nxe5 Bxe5 17. Bxe5 Rxe5 18. Nf3 Re7 19. cxd5 Rxc1+ 20. Rxc1 Rd7 21. Qc4 Nxd5 22. Qc8 Nb6 23. Qxd8+ Rxd8 24. Kf1 Rd7 25. Ke1 f6 26. Rc2 Kf7 27. Nd2 Re7+ 28. Kf1 Nd5 29. g3 Nb4 30. Rb2 Nd3 31. Rc2 Re1+ 32. Kg2 Re2 33. Rc7+ Kg6 34. Nc4 Rxf2+ 35. Kg1 b5 36. Nd6 a6 37. a4 bxa4 38. bxa4 Ra2 39. Ne8 Rxa4 40. Rxg7+ Kh6 41. Rg8 Ra1+ 42. Kg2 Ra2+ 43. Kf3 Ne5+ 44. Ke4 Re2+ 45. Kd5 Ng6 46. Kd4 Ne7 47. Rf8 f5 48. Rf6+ Ng6 49. Nc7 a5 50. Rxf5 a4 51. Ra5 Rh2 52. Rxa4 Rxh3 53. Ne6 Rxg3 54. Ra1 Rh3 55. Ra7 1/2-1/2

[Event "Modransky Cup 2025"]
[Site "Modra"]
[Date "2025.02.22"]
[Round "4.15"]
[White "Bednar, Daniel"]
[Black "Povysil, Peter"]
[Result "1/2-1/2"]
[Annotator "NA RC"]
[ECO "C11"]
[WhiteElo "1720"]
[BlackElo "1890"]
[PlyCount "79"]
[EventDate "2025.02.20"]
[EventCountry "SVK"]
[SourceTitle "playchess.com"]
[Source "ChessBase"]
[SourceQuality "1"]
[TimeControl "5400+30"]

1. e4 e6 2. d4 d5 3. Nc3 Nf6 4. e5 Nfd7 5. f4 c5 6. Nf3 Nc6 7. Be3 Be7 8. Qd2 a6 9. Be2 O-O 10. O-O b5 11. Nd1 cxd4 12. Nxd4 Bb7 13. Nf2 Nb6 14. Nxc6 Bxc6 15. Bxb6 Qxb6 16. Bd3 a5 17. Rae1 f5 18. exf6 Rxf6 19. Kh1 h5 20. Qe2 Be8 21. Nh3 Bd6 22. Ng5 e5 23. fxe5 Rxf1+ 24. Qxf1 Be7 25. Qf4 Qh6 26. h4 Bg6 27. e6 Rf8 28. Qg3 Bxd3 29. cxd3 Qf6 30. Qf3 Qg6 31. Qxd5 Qf6 32. Qe4 g6 33. Nf7 Kh7 34. d4 Rc8 35. Qe3 Rc4 36. Qh6+ Kg8 37. Ng5 Rxd4 38. g3 Rg4 39. Rc1 Rxg5 40. Rc8+ 1/2-1/2

[Event "Modransky Cup 2025"]
[Site "Modra"]
[Date "2025.02.22"]
[Round "4.16"]
[White "Chojnacki, Kevin"]
[Black "Novomeska, Karin"]
[Result "1/2-1/2"]
[Annotator "RC"]
[ECO "A30"]
[WhiteElo "1643"]
[BlackElo "2006"]
[PlyCount "83"]
[EventDate "2025.02.20"]
[EventCountry "SVK"]
[SourceTitle "playchess.com"]
[Source "ChessBase"]
[SourceQuality "1"]
[TimeControl "5400+30"]

1. Nf3 d5 2. g3 c5 3. Bg2 Nc6 4. d4 Nf6 5. O-O Bf5 6. c4 e6 7. cxd5 Nxd5 8. Ne5 cxd4 9. Nxc6 bxc6 10. Qxd4 Nb4 11. Qxd8+ Rxd8 12. Na3 Be7 13. Be3 O-O 14. Bxa7 Rd2 15. e4 Bg6 16. Nc4 Rc2 17. Rfc1 Rxc1+ 18. Rxc1 Nxa2 19. Ra1 Nb4 20. Rd1 Rd8 21. Rxd8+ Bxd8 22. Ne5 Bf6 23. Nxg6 hxg6 24. b3 Be7 25. Bd4 c5 26. Bc3 Na2 27. Bb2 Bf6 28. e5 Bd8 29. Bf1 Kf8 30. Bc4 Ke8 31. Kf1 Kd7 32. Ke2 Kc6 33. f4 Ba5 34. g4 Bc3 35. Bxc3 Nxc3+ 36. Kf3 Nb5 37. Ke3 Kb6 38. f5 gxf5 39. gxf5 Nd4 40. fxe6 Nxe6 41. Ke4 Kc6 42. h4 1/2-1/2

[Event "Modransky Cup 2025"]
[Site "Modra"]
[Date "2025.02.22"]
[Round "4.17"]
[White "Certik, Jaroslav"]
[Black "Pikulik, Roman"]
[Result "1-0"]
[Annotator "NA"]
[ECO "B22"]
[WhiteElo "1579"]
[BlackElo "1595"]
[PlyCount "35"]
[EventDate "2025.02.20"]
[EventCountry "SVK"]
[SourceTitle "playchess.com"]
[Source "ChessBase"]
[SourceQuality "1"]
[TimeControl "5400+30"]

1. e4 c5 2. c3 d5 3. exd5 Qxd5 4. d4 Nf6 5. Nf3 Bg4 6. Na3 a6 7. Bc4 Qd7 8. h3 Bxf3 9. Qxf3 e6 10. O-O cxd4 11. cxd4 Bd6 12. Bg5 Be7 13. Rfe1 O-O 14. Rad1 Qc7 15. Bd3 Nbd7 16. d5 exd5 17. Rxe7 h6 18. Bxf6 1-0

[Event "Modransky Cup 2025"]
[Site "Modra"]
[Date "2025.02.22"]
[Round "4.18"]
[White "Hudak, Michal"]
[Black "Vernerova, Ema"]
[Result "1-0"]
[Annotator "NA RC"]
[ECO "D05"]
[WhiteElo "1823"]
[BlackElo "1428"]
[PlyCount "33"]
[EventDate "2025.02.20"]
[EventCountry "SVK"]
[SourceTitle "playchess.com"]
[Source "ChessBase"]
[SourceQuality "1"]
[TimeControl "5400+30"]

1. d4 d5 2. Nf3 Nf6 3. e3 e6 4. Bd3 Bd6 5. Nbd2 b6 6. O-O Nbd7 7. e4 dxe4 8. Nxe4 Bb7 9. Nxd6+ cxd6 10. Re1 O-O 11. Bg5 Re8 12. Qd2 Bxf3 13. gxf3 h6 14. Bxh6 gxh6 15. Qxh6 Qe7 16. Kh1 Qf8 17. Rg1+ 1-0

[Event "Modransky Cup 2025"]
[Site "Modra"]
[Date "2025.02.22"]
[Round "4.19"]
[White "Banas, Samuel"]
[Black "Wolak, Jan"]
[Result "0-1"]
[Annotator "NA RC"]
[ECO "B50"]
[WhiteElo "1617"]
[BlackElo "1762"]
[PlyCount "68"]
[EventDate "2025.02.20"]
[EventCountry "SVK"]
[SourceTitle "playchess.com"]
[Source "ChessBase"]
[SourceQuality "1"]
[TimeControl "5400+30"]

1. e4 c5 2. Nf3 d6 3. c3 Nf6 4. Bd3 Nc6 5. O-O Bg4 6. h3 Bxf3 7. Qxf3 g6 8. Bc2 Bg7 9. d3 O-O 10. Be3 b5 11. Nd2 Rc8 12. Rac1 Ne8 13. Rfd1 Nc7 14. Qe2 e5 15. Nf3 Ne6 16. Bb3 Qe7 17. Bxe6 fxe6 18. d4 cxd4 19. cxd4 Nxd4 20. Bxd4 Rxc1 21. Rxc1 exd4 22. Qxb5 h6 23. e5 dxe5 24. Nxe5 Qf6 25. Ng4 Qf5 26. Rc5 Qf4 27. Qc6 d3 28. Qxe6+ Kh7 29. Rd5 h5 30. Ne3 Qxf2+ 31. Kh2 d2 32. Qe4 Qe2 33. Qd3 Be5+ 34. Rxe5 Qxd3 0-1

[Event "Modransky Cup 2025"]
[Site "Modra"]
[Date "2025.02.22"]
[Round "4.20"]
[White "Chlupik Michal"]
[Black "Ronaj, Filip"]
[Result "0-1"]
[Annotator "NA RC"]
[ECO "B33"]
[WhiteElo "1355"]
[BlackElo "1746"]
[PlyCount "62"]
[EventDate "2025.02.20"]
[EventCountry "SVK"]
[SourceTitle "playchess.com"]
[Source "ChessBase"]
[SourceQuality "1"]
[TimeControl "5400+30"]

1. e4 c5 2. Nf3 Nc6 3. d4 cxd4 4. Nxd4 Nf6 5. Nc3 e5 6. Nxc6 bxc6 7. Be3 Bb4 8. f3 O-O 9. a3 Ba5 10. Be2 d5 11. b4 Bb6 12. Bxb6 axb6 13. exd5 cxd5 14. O-O Ba6 15. Bxa6 Rxa6 16. Qd3 Ra8 17. Rfd1 d4 18. Ne4 Nxe4 19. fxe4 Qd7 20. c3 Rfd8 21. Kf1 b5 22. cxd4 exd4 23. Rd2 Ra6 24. Rad1 Qa7 25. Qxb5 Rad6 26. Qc5 Qxa3 27. Qa5 Qe3 28. Re2 Rf6+ 29. Ke1 Qc3+ 30. Red2 Re8 31. e5 Rf5 0-1

[Event "Modransky Cup 2025"]
[Site "Modra"]
[Date "2025.02.22"]
[Round "4.21"]
[White "Sara, J.S."]
[Black "Hanzel, Richard"]
[Result "0-1"]
[Annotator "NA RC"]
[ECO "B10"]
[WhiteElo "1774"]
[BlackElo "1668"]
[PlyCount "34"]
[EventDate "2025.02.20"]
[EventCountry "SVK"]
[SourceTitle "playchess.com"]
[Source "ChessBase"]
[SourceQuality "1"]
[TimeControl "5400+30"]

1. e4 c6 2. Bc4 d5 3. exd5 cxd5 4. Bb3 Nf6 5. d4 Bf5 6. Nf3 e6 7. c4 dxc4 8. Bxc4 Bd6 9. d5 exd5 10. Bxd5 Nxd5 11. Qxd5 Bb4+ 12. Nc3 Qxd5 13. Bd2 Qe6+ 14. Be3 Bxc3+ 15. Nd2 Bxd2+ 16. Ke2 Bxe3 17. fxe3 O-O 0-1

[Event "Modransky Cup 2025"]
[Site "Modra"]
[Date "2025.02.22"]
[Round "4.22"]
[White "Hrckova, Anna"]
[Black "Vondruska, Leos"]
[Result "1-0"]
[Annotator "NA RC"]
[ECO "C07"]
[WhiteElo "1655"]
[BlackElo "1545"]
[PlyCount "129"]
[EventDate "2025.02.20"]
[EventCountry "SVK"]
[SourceTitle "playchess.com"]
[Source "ChessBase"]
[SourceQuality "1"]
[TimeControl "5400+30"]

1. e4 e6 2. d4 d5 3. Nd2 c5 4. exd5 cxd4 5. dxe6 fxe6 6. Ngf3 Bb4 7. a3 Bxd2+ 8. Qxd2 Nc6 9. Bb5 Nge7 10. Nxd4 Bd7 11. Nxc6 Bxc6 12. Bxc6+ Nxc6 13. O-O Qxd2 14. Bxd2 Nd4 15. c3 Nb3 16. Rad1 Rc8 17. Bf4 Rf8 18. Bg3 g5 19. Rfe1 Ke7 20. Bd6+ Kf6 21. Bxf8 Rxf8 22. Rd7 Nc5 23. Rxh7 Rd8 24. h3 Kg6 25. Rc7 Rd5 26. b4 Na4 27. Rxe6+ Kf5 28. Re1 a5 29. g4+ Kf6 30. c4 Rd3 31. Re3 Rd1+ 32. Kg2 b6 33. Rc6+ Kf7 34. bxa5 bxa5 35. Rb3 Rd7 36. Rb5 Ra7 37. Rf5+ Kg7 38. Rxg5+ Kh7 39. h4 Nb2 40. Rh5+ Kg7 41. Rch6 Ra8 42. g5 Rg8 43. Rc6 Nd3 44. Rhh6 Re8 45. Rc7+ Kg8 46. g6 Nf4+ 47. Kf3 Ne6 48. Ra7 a4 49. Rhh7 Rd8 50. Rae7 Rd3+ 51. Kg4 Rd6 52. Kf5 Nd4+ 53. Ke5 Rd8 54. Rd7 Nc6+ 55. Kd6 Rxd7+ 56. Rxd7 Na5 57. c5 Nc4+ 58. Kd5 Nxa3 59. h5 Nb5 60. h6 Kf8 61. g7+ Kg8 62. Rd8+ Kf7 63. g8=Q+ Kf6 64. Rf8+ Ke7 65. Qg7# 1-0

[Event "Modransky Cup 2025"]
[Site "Modra"]
[Date "2025.02.22"]
[Round "4.23"]
[White "Gonda, Jan"]
[Black "Vorsilka, Jiri"]
[Result "1/2-1/2"]
[Annotator "NA RC"]
[ECO "E14"]
[WhiteElo "1633"]
[BlackElo "1653"]
[PlyCount "44"]
[EventDate "2025.02.20"]
[EventCountry "SVK"]
[SourceTitle "playchess.com"]
[Source "ChessBase"]
[SourceQuality "1"]
[TimeControl "5400+30"]

1. d4 d5 2. c4 e6 3. Nc3 Nf6 4. e3 b6 5. cxd5 exd5 6. Bd3 Bb7 7. Nf3 Bd6 8. O-O O-O 9. Bd2 Nbd7 10. Rc1 Ne4 11. Bb1 Ndf6 12. Re1 c5 13. dxc5 bxc5 14. Ne2 Qb6 15. b3 Nc3 16. Nxc3 a5 17. Ne2 a4 18. Bc2 axb3 19. axb3 Ra3 20. Rb1 Rfa8 21. Bc3 Bc6 22. Nd2 Bb5 1/2-1/2

[Event "Modransky Cup 2025"]
[Site "Modra"]
[Date "2025.02.22"]
[Round "5.1"]
[White "Stevik, Patrik"]
[Black "Janik, Marek Tobias"]
[Result "1-0"]
[Annotator "ChessBase"]
[ECO "B28"]
[WhiteElo "2331"]
[BlackElo "2002"]
[PlyCount "63"]
[EventDate "2025.02.20"]
[EventCountry "SVK"]
[SourceTitle "playchess.com"]
[Source "ChessBase"]
[SourceQuality "1"]
[TimeControl "5400+30"]

1. Nf3 c5 2. e4 a6 3. c4 Nc6 4. d4 cxd4 5. Nxd4 e5 6. Nc2 Nf6 7. Nc3 d6 8. Be2 h6 9. O-O Be7 10. Kh1 O-O 11. Be3 Be6 12. f3 Re8 13. Qd2 Bf8 14. Rac1 Ne7 15. Rfd1 Ng6 16. Nb4 Rc8 17. Nbd5 Nxd5 18. Nxd5 Bxd5 19. Qxd5 Qc7 20. g3 Red8 21. b4 Qc6 22. Qxc6 Rxc6 23. a4 Rcc8 24. Bb6 Re8 25. b5 Ra8 26. a5 Be7 27. c5 dxc5 28. Rd7 Nf8 29. Rxb7 Ne6 30. bxa6 Kf8 31. Bb5 Red8 32. a7 1-0

[Event "Modransky Cup 2025"]
[Site "Modra"]
[Date "2025.02.22"]
[Round "5.2"]
[White "Banas, Kamil"]
[Black "Shirinyan, Daniel"]
[Result "0-1"]
[Annotator "ChessBase"]
[ECO "B81"]
[WhiteElo "2178"]
[BlackElo "2231"]
[PlyCount "70"]
[EventDate "2025.02.20"]
[EventCountry "SVK"]
[SourceTitle "playchess.com"]
[Source "ChessBase"]
[SourceQuality "1"]
[TimeControl "5400+30"]

1. e4 c5 2. Nf3 d6 3. d4 cxd4 4. Nxd4 Nf6 5. Nc3 a6 6. h3 e6 7. g4 Be7 8. g5 Nfd7 9. h4 b5 10. a3 Bb7 11. Rg1 Nc6 12. Nxc6 Bxc6 13. Be3 Qb8 14. Qd4 O-O 15. h5 a5 16. g6 Bf6 17. gxh7+ Kxh7 18. Qd2 b4 19. Nd1 Ne5 20. Be2 Bxe4 21. Bg5 Qd8 22. f4 Nc6 23. Nf2 Bf5 24. Bd3 Nd4 25. Rg3 Rc8 26. Rc1 bxa3 27. bxa3 Bxg5 28. fxg5 Rc5 29. Ng4 Qa8 30. g6+ Kh8 31. h6 Bxg4 32. hxg7+ Kxg7 33. Qf4 Qh1+ 34. Kf2 Qh2+ 35. Kf1 fxg6 0-1

[Event "Modransky Cup 2025"]
[Site "Modra"]
[Date "2025.02.22"]
[Round "5.3"]
[White "Smetana, Peter"]
[Black "Iankin, Arseni"]
[Result "1-0"]
[Annotator "NA"]
[ECO "C13"]
[WhiteElo "1947"]
[BlackElo "2016"]
[PlyCount "69"]
[EventDate "2025.02.20"]
[EventCountry "SVK"]
[SourceTitle "playchess.com"]
[Source "ChessBase"]
[SourceQuality "1"]
[TimeControl "5400+30"]

1. e4 e6 2. d4 d5 3. Nc3 Nf6 4. Bg5 dxe4 5. Nxe4 Be7 6. Bxf6 gxf6 7. Nf3 f5 8. Nc3 a6 9. g3 b5 10. Bg2 Bb7 11. O-O O-O 12. a3 c5 13. dxc5 Bxc5 14. Qe2 Qc7 15. Ng5 h6 16. Bxb7 Qxb7 17. Nf3 Nc6 18. Rad1 Rfd8 19. Rxd8+ Rxd8 20. Rd1 Nd4 21. Nxd4 Rxd4 22. Rxd4 Bxd4 23. Nd1 Qc7 24. a4 Qe5 25. Qxe5 Bxe5 26. axb5 axb5 27. Kf1 Kf8 28. Ke2 Ke7 29. Kd3 Kd6 30. b4 h5 31. h3 f4 32. g4 hxg4 33. hxg4 Kd5 34. f3 Bd6 35. c3 1-0

[Event "Modransky Cup 2025"]
[Site "Modra"]
[Date "2025.02.22"]
[Round "5.4"]
[White "Bucor, Mark"]
[Black "Durana, Jonas"]
[Result "1/2-1/2"]
[Annotator "NA"]
[ECO "D35"]
[WhiteElo "1875"]
[BlackElo "2006"]
[PlyCount "72"]
[EventDate "2025.02.20"]
[EventCountry "SVK"]
[SourceTitle "playchess.com"]
[Source "ChessBase"]
[SourceQuality "1"]
[TimeControl "5400+30"]

1. d4 d5 2. c4 e6 3. Nc3 Nf6 4. cxd5 exd5 5. Bg5 Be7 6. e3 Be6 7. Bd3 O-O 8. Nge2 Nbd7 9. Rc1 c5 10. O-O Rc8 11. h3 a6 12. Ng3 Re8 13. Qe2 Bd6 14. Qf3 h6 15. Bf4 Bf8 16. Nf5 Rc6 17. Rfd1 c4 18. Bb1 b5 19. Be5 b4 20. Ne2 g6 21. Nfg3 Nxe5 22. dxe5 Nd7 23. Nd4 Rc5 24. Nxe6 Rxe6 25. Rxd5 Rxe5 26. Rcd1 Rcxd5 27. Rxd5 Qc7 28. Ne2 Bg7 29. Nd4 Rxd5 30. Qxd5 Nb6 31. Qe4 c3 32. Qe8+ Kh7 33. Ne6 c2 34. Bxc2 Qxc2 35. Qxf7 Qxb2 36. Nf8+ Kh8 1/2-1/2

[Event "Modransky Cup 2025"]
[Site "Modra"]
[Date "2025.02.22"]
[Round "5.5"]
[White "Nosal, Tobias"]
[Black "Kapinaj, Matus"]
[Result "0-1"]
[Annotator "NA"]
[ECO "A09"]
[WhiteElo "1807"]
[BlackElo "1999"]
[PlyCount "46"]
[EventDate "2025.02.20"]
[EventCountry "SVK"]
[SourceTitle "playchess.com"]
[Source "ChessBase"]
[SourceQuality "1"]
[TimeControl "5400+30"]

1. Nf3 c5 2. g3 Nc6 3. Bg2 e5 4. d3 d5 5. c4 d4 6. O-O Bd6 7. e3 Nge7 8. exd4 exd4 9. Re1 O-O 10. Nbd2 Ng6 11. a3 Re8 12. Rb1 Bf5 13. Nf1 Qd7 14. Rxe8+ Rxe8 15. Ng5 Nce5 16. Be4 h6 17. Bxf5 Qxf5 18. Ne4 Nf3+ 19. Kg2 Ngh4+ 20. gxh4 Qg4+ 21. Neg3 Nxh4+ 22. Kg1 Qxd1 23. Ne4 Qf3 0-1

[Event "Modransky Cup 2025"]
[Site "Modra"]
[Date "2025.02.22"]
[Round "5.6"]
[White "Pongo, Aron"]
[Black "Petrik, Matus"]
[Result "1/2-1/2"]
[Annotator "NA"]
[ECO "B82"]
[WhiteElo "2030"]
[BlackElo "1880"]
[PlyCount "53"]
[EventDate "2025.02.20"]
[EventCountry "SVK"]
[SourceTitle "playchess.com"]
[Source "ChessBase"]
[SourceQuality "1"]
[TimeControl "5400+30"]

1. e4 c5 2. Nf3 e6 3. d4 cxd4 4. Nxd4 Nc6 5. Nc3 Qc7 6. Be3 a6 7. a3 Nf6 8. f4 d6 9. Qf3 Be7 10. O-O-O O-O 11. Kb1 Bd7 12. Nxc6 Bxc6 13. Bd3 b5 14. g4 Rfb8 15. g5 Nd7 16. Qh3 b4 17. axb4 Rxb4 18. Nd5 exd5 19. exd5 g6 20. dxc6 Qxc6 21. Rhe1 Bf8 22. Bd2 Rxb2+ 23. Kxb2 Bg7+ 24. Kc1 Qa4 25. c3 Qa3+ 26. Kc2 Qa2+ 27. Kc1 1/2-1/2